 Dungeon Crawl Stone Soup version 0.21.1-1-g345015f (webtiles) character file.

6760 wojakson the Stickfighter (level 10, -26/78 HPs)
             Began as a Minotaur Berserker on Mar 11, 2018.
             Was a High Priest of Trog.
             Killed from afar by Harold (31 damage)
             ... with a bolt of fire
             ... on level 11 of the Dungeon.
             The game lasted 00:31:51 (8503 turns).

wojakson the Stickfighter (Minotaur Berserker)      Turns: 8503, Time: 00:31:52

Health: -26/78     AC: 16    Str: 22    XL:     10   Next: 75%
Magic:  9/9        EV:  7    Int:  4    God:    Trog [*****.]
Gold:   258        SH:  0    Dex: 13    Spells: 9/9 levels left

rFire    . . .     SeeInvis +   i - +2 quarterstaff (chaos)
rCold    . . .     Gourm    .   (shield currently unavailable)
rNeg     . . .     Faith    .   g - +1 plate armour
rPois    .         Spirit   .   (helmet restricted)
rElec    .         Reflect  .   k - +1 cloak {MR+}
rCorr    .         Harm     .   B - +0 pair of gloves (curse)
MR       ++...                  m - +0 pair of boots {Fly}
Stlth    ..........             z - amulet of regeneration
HPRegen  0.63/turn              h - ring of protection from magic
MPRegen  0.11/turn              j - ring of see invisible

@: about to teleport, berserk cooldown, flying, slowed, very slow
A: retaliatory headbutt, horns 2
a: Berserk, Trog's Hand, Brothers in Arms, Burn Spellbooks, Renounce Religion,
Stop Flying


You were on level 11 of the Dungeon.
You worshipped Trog.
Trog was extremely pleased with you.
You were very hungry.

You visited 1 branch of the dungeon, and saw 11 of its levels.

You collected 561 gold pieces.
You spent 303 gold pieces at shops.

Inventory:

Hand Weapons
 a - a +1 mace
 d - a +0 whip of flaming
 i - a +2 quarterstaff of chaos (weapon)
Missiles
 p - 55 arrows
Armour
 b - a +0 animal skin
 g - a +1 plate armour (worn)
 k - a +1 cloak of magic resistance (worn)
 m - a +0 pair of boots of flying (worn)
 y - a cursed +0 buckler
 B - a cursed +0 pair of gloves (worn)
Jewellery
 h - a ring of protection from magic (left hand)
 j - a ring of see invisible (right hand)
 l - an uncursed amulet of the gourmand
 z - an amulet of regeneration (around neck)
 F - a +3 ring of evasion {unknown}
Wands
 v - a wand of paralysis (27)
 D - a wand of enslavement (13)
Scrolls
 c - 10 scrolls of remove curse
 e - 3 scrolls of enchant weapon
 n - 3 scrolls of enchant armour
 o - 2 scrolls of teleportation
 q - 2 scrolls of torment
 r - a scroll of fear
 s - a scroll of brand weapon
 C - a scroll of identify
Potions
 t - a potion of haste
 w - 2 potions of berserk rage
 x - a potion of magic {unknown}
 A - a potion of agility
Comestibles
 f - 8 rations
 E - 2 chunks of flesh


   Skills:
 - Level 3.9 Fighting
 - Level 6.0(13.0) Maces & Flails
 * Level 17.4(17.7) Staves
 - Level 2.5 Armour
 - Level 2.3 Dodging


You had 9 spell levels left.
You didn't know any spells.

Dungeon Overview and Level Annotations

Branches:
Dungeon (11/15)            Temple (0/1) D:6             Orc (0/2) D:10
   Lair: D:8-11

Altars:
Makhleb
Okawaru
Trog
Wu Jian
Xom
Yredelemnul
Zin
The Shining One
Beogh

Shops:
D:4 :   D:5 [   D:6 *   D:9 (

Annotations:
D:11 Harold


Innate Abilities, Weirdness & Mutations

You reflexively headbutt those who attack you in melee.
You have a pair of horns on your head.


Message History

* * * LOW HITPOINT WARNING * * *
Harold burns you.
* * * LOW HITPOINT WARNING * * *
You struggle against the net.
You shred the net and break free!
You feel your anger nearly subside.
Harold drinks a potion.
Harold seems to speed up.
You are too berserk!
You are no longer berserk.
You are exhausted.
You feel yourself slow down. Harold barely misses you.
As you read the scroll of fog, it crumbles to dust.
The scroll dissolves into smoke.
Harold hits you but does no damage. Harold completely misses you.
As you read the scroll of teleportation, it crumbles to dust.
You feel strangely unstable. Harold hits you but does no damage.
You hear the urgent ticking of a very distant clock.
Harold points at you and mumbles some strange words.
The bolt of fire hits you!
You die...

################################
...............................#
..###.........###..............#
.############## ########..####.
....###...... ##....# #..#
...#.#.#..... #§#...###..#
..#..#..#... #@§#...[...#
.#...#...#.#. #§§§#..##..#
.(.............§§@§§......#
..###....###...§§§.###....# ..#
#...#.#.#.....#. #...# ))#
...#..#..#...#..# .#..# (.##..#.
.#...#.# ..# ..#.#
).##.########### ### .#
(.##..........# #


You could see Harold.

Vanquished Creatures
  2 two-headed ogres
  Pikel (D:8)
  A yaktaur (D:11)
  A hippogriff (D:11)
  A wyvern (D:9)
  4 yaks (D:9)
  A hungry ghost (D:8)
  A steam dragon (D:8)
  Duvessa (D:6)
  An ice beast (D:10)
  2 sky beasts
  2 orc warriors
  2 slaves (D:8)
  A phantom (D:4)
  3 ogres
  3 centaurs
  A big kobold (D:11)
  A gnoll sergeant (D:10)
  Dowan (D:6)
  5 scorpions
  A wyvern skeleton (D:9)
  6 killer bees (D:10)
  10 wights
  3 crimson imps
  5 hounds
  A jelly (D:5)
  8 orc wizards
  3 centaur skeletons
  5 orc priests
  Crazy Yiuf (D:2)
  An iguana (D:4)
  6 worker ants
  A hound zombie (D:5)
  A hound skeleton (D:9)
  2 worker ant zombies
  11 gnolls
  12 adders
  3 oozes
  2 worms
  A dart slug (D:1)
  4 leopard geckos
  37 orcs
  5 giant cockroaches
  4 goblins
  4 hobgoblins
  10 jackals
  10 kobolds
  A quokka (D:9)
  A bat (D:3)
  2 frilled lizards
  A leopard gecko skeleton (D:8)
  A quokka zombie (D:9)
  A rat (shapeshifter) (D:3)
  3 rats
202 creatures vanquished.

Vanquished Creatures (others)
  An adder zombie (D:8)
1 creature vanquished.

Grand Total: 203 creatures vanquished

Notes
Turn   | Place    | Note
-------+----------+-------------------------------------------
     0 | D:1      | wojakson the Minotaur Berserker began the quest for the Orb.
     0 | D:1      | Reached XP level 1. HP: 19/19 MP: 0/0
   512 | D:1      | Reached XP level 2. HP: 27/27 MP: 1/1
  1228 | D:2      | Reached XP level 3. HP: 24/33 MP: 2/2
  1321 | D:2      | Found a runed door.
  1367 | D:2      | Reached ** piety under Trog
  1741 | D:2      | Found a bloodstained altar of Trog.
  1751 | D:2      | Reached skill level 5 in Maces & Flails
  2114 | D:2      | Noticed Crazy Yiuf
  2118 | D:2      | Killed Crazy Yiuf
  2118 | D:2      | Reached XP level 4. HP: 40/40 MP: 3/3
  2386 | D:3      | Reached skill level 1 in Staves
  2763 | D:3      | Reached skill level 2 in Staves
  2983 | D:4      | Reached XP level 5. HP: 40/46 MP: 4/4
  2990 | D:4      | Noticed a centaur
  3003 | D:4      | Killed a centaur
  3003 | D:4      | Reached skill level 4 in Staves
  3036 | D:4      | Noticed a phantom
  3077 | D:4      | Killed a phantom
  3077 | D:4      | Reached skill level 5 in Staves
  3077 | D:4      | Reached XP level 6. HP: 28/52 MP: 5/5
  3174 | D:4      | Reached skill level 6 in Staves
  3233 | D:4      | Found Rocvaf's Book Shoppe.
  3609 | D:5      | Entered Level 5 of the Dungeon
  3679 | D:5      | Reached skill level 7 in Staves
  3679 | D:5      | Reached XP level 7. HP: 44/58 MP: 6/6
  3787 | D:5      | Found a basalt altar of Yredelemnul.
  3798 | D:5      | Noticed a profane servitor
  3822 | D:5      | Reached skill level 8 in Staves
  3822 | D:5      | Reached *** piety under Trog
  4319 | D:5      | Reached skill level 9 in Staves
  4451 | D:5      | Found an ornate altar of the Wu Jian Council.
  4452 | D:5      | Found a shimmering altar of Xom.
  4453 | D:5      | Found a burning altar of Makhleb.
  4477 | D:5      | Found Eqeil's Antique Armour Emporium.
  4501 | D:5      | Bought a pair of embroidered boots for 247 gold pieces
  4649 | D:5      | Found a glowing golden altar of the Shining One.
  4677 | D:5      | Reached XP level 8. HP: 66/66 MP: 7/7
  4721 | D:5      | Noticed an angel
  4788 | D:6      | Found a staircase to the Ecumenical Temple.
  4838 | D:6      | Noticed Duvessa
  4838 | D:6      | Noticed Dowan
  4847 | D:6      | Killed Duvessa
  4847 | D:6      | Reached skill level 10 in Staves
  4851 | D:6      | Killed Dowan
  4877 | D:6      | Found Sefun's Assorted Antiques.
  5091 | D:6      | Bought a scroll of identify for 56 gold pieces
  5147 | D:7      | Reached skill level 11 in Staves
  5255 | D:7      | Reached skill level 12 in Staves
  5264 | D:7      | Reached **** piety under Trog
  5527 | D:7      | Found a glowing silver altar of Zin.
  5692 | D:7      | Found an iron altar of Okawaru.
  5860 | D:8      | Reached XP level 9. HP: 71/71 MP: 8/8
  5982 | D:8      | Noticed Pikel
  5990 | D:8      | Killed Pikel
  5990 | D:8      | Reached skill level 13 in Staves
  6168 | D:8      | Noticed a two-headed ogre
  6177 | D:8      | Killed a two-headed ogre
  6177 | D:8      | Reached skill level 14 in Staves
  6291 | D:8      | Reached skill level 15 in Staves
  6608 | D:9      | Reached XP level 10. HP: 76/78 MP: 9/9
  7038 | D:9      | Found Buizudiw's Antique Weapon Shoppe.
  7252 | D:10     | Entered Level 10 of the Dungeon
  7268 | D:10     | Reached skill level 16 in Staves
  7387 | D:10     | Reached ***** piety under Trog
  7648 | D:10     | Found a staircase to the Orcish Mines.
  7972 | D:10     | Found a roughly hewn altar of Beogh.
  8318 | D:11     | Noticed a two-headed ogre
  8325 | D:11     | Killed a two-headed ogre
  8325 | D:11     | Reached skill level 17 in Staves
  8490 | D:11     | Noticed Harold
  8497 | D:11     | HP: 2/117 [Harold/glaive of flaming (7)]
  8503 | D:11     | Killed from afar by Harold

Skill      XL: |  1  2  3  4  5  6  7  8  9 10 |
---------------+-------------------------------+-----
Maces & Flails | 4 5 6 |  6.0
Staves         | 2 5 7 9 12 15 17 | 17.4
Fighting       | |  3.9
Armour         | |  2.5
Dodging        | |  2.3

Action                   |  1- 3 |  4- 6 |  7- 9 | 10-12 || total
-------------------------+-------+-------+-------+-------++-------
Melee: Mace              |    74 |       |       |       ||    74
       Headbutt          |    12 |    17 |    34 |    23 ||    86
       Quarterstaff      |       |    98 |   229 |   166 ||   493
Invok: Berserk           |     1 |     1 |     8 |     6 ||    16
       Burn Spellbooks   |       |     1 |       |     1 ||     2
  Use: Scroll            |     3 |     6 |     4 |     4 ||    17
       Potion            |     2 |     1 |     8 |     1 ||    12
 Stab: Sleeping          |     1 |       |       |       ||     1
       Confused          |       |     1 |       |     2 ||     3
  Eat: Ration            |     1 |     1 |     2 |       ||     4
       Chunk             |       |     3 |    18 |     9 ||    30
Armor: Animal skin       |    11 |       |       |       ||    11
       Plate armour      |     7 |    64 |    93 |    74 ||   238
Dodge: Dodged            |    38 |    32 |    74 |    55 ||   199
